 Dungeon Crawl Stone Soup version 0.28.0 (webtiles) character file.

Game seed: 15566838330762845743

111083 fragbeetle the Earth Mage (level 16, -11/97 HPs)
             Began as a Gargoyle Earth Elementalist on Feb 18, 2022.
             Was the Champion of Vehumet.
             Collided with a rock wall (19 damage)
             ... caused by a deep elf knight
             ... on level 1 of the Elven Halls.
             The game lasted 02:08:22 (34277 turns).

fragbeetle the Earth Mage (GrEE)                   Turns: 34277, Time: 02:08:23

Health: -11/97     AC: 24    Str: 11    XL:     16   Next: 56%
Magic:  21/29      EV: 11    Int: 36    God:    Vehumet [******]
Gold:   539        SH:  8    Dex: 10    Spells: 7/34 levels left

rFire   + + +      SeeInvis .   a - staff of earth
rCold   + + +      Faith    .   F - +2 buckler {rC+ rF+}
rNeg    + + +      Spirit   .   C - +1 troll leather armour "Sybosh" {rF+++ Will+ Regen+ rCorr Str-2}
rPois   ∞          Reflect  .   G - +0 helmet of Gluttony {Rampage Will+ Int+5}
rElec   +          Harm     .   H - scarf {rC+ rF+}
rCorr   +          Rampage  +   T - +0 pair of gloves
Will    ++++.                   J - +1 pair of boots "Geradd" {rF+++ rN+ Int+4 Dex-2}
Stlth   ++........              h - amulet of magic regeneration
HPRegen 1.06/turn               y - +6 ring of intelligence
MPRegen 0.61/turn               p - ring of Charity {rPois rC+ rN+ Will+}

@: flying
A: sickness immunity, AC +12, big wings, negative energy resistance 1,
electricity resistance, torment resistance 1, petrification resistance
a: Renounce Religion


You were on level 1 of the Elven Halls.
You worshipped Vehumet.
Vehumet was exalted by your worship.
You visited 5 branches of the dungeon, and saw 25 of its levels.
You also visited: Bailey and Gauntlet.

You collected 2765 gold pieces.
You spent 2226 gold pieces at shops.

Inventory:

Hand Weapons
 O - a +3 scimitar of flaming
Missiles
 c - 361 stones
 o - 3 throwing nets
 z - 27 boomerangs
 D - 11 curare-tipped darts
Armour
 C - the +1 troll leather armour "Sybosh" (worn) {rF+++ Will+ Regen+ rCorr Str-2}
   (You bought it in a shop on level 2 of the Orcish Mines)

   Str:       It affects your strength (-2).
   rF:        It renders you almost immune to fire.
   Regen:     It increases your rate of health regeneration.
   rCorr:     It protects you from acid and corrosion.
   Will:      It increases your willpower.
 F - a +2 buckler of resistance (worn)
 G - the +0 helmet of Gluttony (worn) {Rampage Will+ Int+5}
   (You bought it in a shop on level 9 of the Dungeon)

   Int:       It affects your intelligence (+5).
   Rampage:   It bestows one free step when moving towards enemies.
   Will:      It increases your willpower.
 H - a scarf of resistance (worn)
 J - the +1 pair of boots "Geradd" (worn) {rF+++ rN+ Int+4 Dex-2}
   (You acquired it on level 9 of the Dungeon)

   Int:       It affects your intelligence (+4).
   Dex:       It affects your dexterity (-2).
   rF:        It renders you almost immune to fire.
   rN:        It protects you from negative energy.
 T - a +0 pair of gloves (worn)
Magical Staves
 a - a staff of earth (weapon)
 R - a staff of fire
Jewellery
 b - a ring of protection from fire
 h - an amulet of magic regeneration (around neck)
 p - the ring of Charity (right hand) {rPois rC+ rN+ Will+}
   (You found it in a Gauntlet)

   [ring of protection from cold]

   rC:        It protects you from cold.
   rPois:     It protects you from poison.
   rN:        It protects you from negative energy.
   Will:      It increases your willpower.
 t - an amulet of faith
 x - a ring of magical power
 y - a +6 ring of intelligence (left hand)
Wands
 d - a wand of paralysis (8)
 m - a wand of digging (20)
 s - a wand of polymorph (34)
 E - a wand of iceblast (4)
 L - a wand of flame (8)
 Y - a wand of acid (4)
Scrolls
 g - 2 scrolls of blinking
 i - 3 scrolls of fog
 l - 3 scrolls of magic mapping
 r - 9 scrolls of teleportation
 B - a scroll of silence
 V - a scroll of holy word {unknown}
 X - 3 scrolls of fear {unknown}
 Z - 3 scrolls of enchant armour {unknown}
Potions
 e - a potion of cancellation
 f - 3 potions of heal wounds
 j - 3 potions of invisibility
 k - 3 potions of resistance
 n - 5 potions of curing
 q - 5 potions of brilliance
 w - 4 potions of might
 I - a potion of magic {unknown}
 K - a potion of attraction {unknown}
 M - a potion of lignification {unknown}
 P - 3 potions of mutation
 S - 4 potions of haste {unknown}
 W - 3 potions of flight {unknown}
Miscellaneous
 N - a condenser vane
 Q - a phantom mirror


   Skills:
 - Level 10.0 Fighting
 - Level 10.0 Armour
 - Level 1.5 Dodging
 - Level 2.1 Stealth
 - Level 10.0 Shields
 + Level 9.8 Spellcasting
 - Level 10.0 Conjurations
 - Level 4.0 Necromancy
 - Level 5.0 Transmutations
 - Level 6.0 Fire Magic
 - Level 15.0 Earth Magic
 - Level 10.0 Poison Magic
 - Level 10.0 Evocations


You had 7 spell levels left.
You knew the following spells:

 Your Spells              Type           Power      Damage    Failure   Level
a - Sandblast             Erth           100%       2d20      0%          1
b - Stone Arrow           Conj/Erth      100%       3d13      1%          3
c - Sticky Flame          Conj/Fire      66%        2d8       1%          4
d - Blink                 Tloc           34%        N/A       5%          2
e - Olgreb's Toxic Radia  Pois           74%        N/A       1%          4
f - Borgnjor's Vile Clut  Necr/Erth      46%        N/A       1%          5
g - Eringya's Noxious Bo  Tmut/Pois      32%        N/A       7%          6
q - Scorch                Fire           100%       2d10      1%          2

Your spell library contained the following spells:

 Spells                   Type           Power      Damage    Failure   Level
 Starburst                Conj/Fire      33%        6d10      5%          6
 Animate Skeleton         Necr           92%        N/A       1%          1
 Foxfire                  Conj/Fire      100%       2x1d9     1%          1
 Magic Dart               Conj           100%       1d8       1%          1
 Pain                     Necr           100%       1d9       1%          1
 Passwall                 Tmut/Erth      78%        N/A       1%          2
 Searing Ray              Conj           100%       2d8       1%          2
 Static Discharge         Conj/Air       52%        N/A       1%          2
 Wereblood                Tmut           52%        N/A       1%          2
 Conjure Flame            Conj/Fire      66%        6-21      1%          3
 Inner Flame              Hex/Fire       39%        N/A       1%          3
 Mephitic Cloud           Conj/Pois/Air  60%        N/A       1%          3
 Vampiric Draining        Necr           46%        2d9       1%          3
 Flame Wave               Conj/Fire      66%        2d12      1%          4
 Fulminant Prism          Conj/Hex       26%        3d14      1%          4
 Hailstorm                Conj/Ice       52%        3d12      1%          4
 Petrify                  Tmut/Erth      94%        N/A       1%          4
 Slow                     Hex            68%        N/A       3%          1
 Frozen Ramparts          Ice            34%        1d5       3%          3
 Lightning Bolt           Conj/Air       26%        1d42      3%          5
 Call Imp                 Summ           17%        N/A       5%          2
 Dispel Undead            Necr           46%        3d18      7%          4
 Confusing Touch          Hex            17%        N/A       11%         3
 Gell's Gravitas          Tloc           17%        N/A       11%         3
 Lesser Beckoning         Tloc           17%        N/A       11%         3
 Teleport Other           Tloc           17%        N/A       11%         3
 Ice Form                 Ice/Tmut       35%        N/A       13%         4
 Conjure Ball Lightning   Conj/Air       26%        3x3d7     17%         6
 Summon Ice Beast         Ice/Summ       17%        N/A       34%         4
 Manifold Assault         Tloc           17%        N/A       69%         5
 Simulacrum               Ice/Necr       16%        N/A       94%         6
 Dispersal                Tloc           8%         N/A       99%         6
 Storm Form               Tmut/Air       17%        N/A       100%        7
 Summon Hydra             Summ           8%         N/A       100%        7
 Discord                  Hex            8%         N/A       100%        8
 Disjunction              Tloc           8%         N/A       100%        8
 Maxwell's Capacitive Co  Air            8%         ∞         100%        8
 Death's Door             Necr           23%        N/A       100%        9
 Sublimation of Blood     Necr           Unusable   N/A       N/A         2

Dungeon Overview and Level Annotations

Branches:
Dungeon (15/15)            Temple (1/1) D:6            Lair (6/6) D:9
  Swamp (0/4) Lair:2       Spider (0/4) Lair:2          Orc (2/2) D:9
    Elf (1/3) Orc:2        Vaults (0/5) D:14         Depths (0/4) D:15
 Bailey (visited)         Gauntlet (visited)
  Slime: Lair:5-6

Altars:
Ashenzari
Cheibriados
Dithmenos
Elyvilon
Fedhas
Gozag
Hepliaklqana
Kikubaaqudgha
Makhleb
Nemelex Xobeh
Okawaru
Qazlal
Ru
Sif Muna
Trog
Uskayaw
Vehumet
Wu Jian
Xom
Yredelemnul
Zin
The Shining One

Shops:
D:3 =   D:4 (   D:6 =   D:9 !?[*   D:11 *   Orc:2 [*[[

Annotations:
D:6 2 runed translucent doors, SnakkuSnakku7's ghost, novice VSDe
D:11 3 runed translucent doors, exclusion: 3 doors, Isay's ghost, journeyman MiAK
D:14 Jorgrun
Lair:2 exclusions: 4 doors, oklob plant and 1 more exclusion
Lair:5 exclusion: oklob plant


Innate Abilities, Weirdness & Mutations

You are immune to sickness and miasma.
Your stone body is resilient. (AC +12)
You are immune to poison.
Your large and strong wings let you fly.
You resist negative energy. (rN+)
You are resistant to electric shocks. (rElec)
You are resistant to unholy torment.
You are immune to petrification.


Message History

The deep elf knight closely misses you. You block the deep elf knight's attack.
Unknown command.
Casting: Olgreb's Toxic Radiance (safe; 1% risk of failure)
Confirm with . or Enter, or press ? or * to list all spells.
Aiming: Sticky Flame (safe; 1% risk of failure)
Press: ? - help, Shift-Dir - straight line, f - deep elf knight
Aim: a deep elf knight, wielding a +0 scimitar and wearing a +0 buckler (lightly wounded, fast, very poisoned, 100% to hit)
The sticky flame hits the deep elf knight!
The deep elf knight is moderately wounded.
The deep elf knight is covered in liquid flames!
The deep elf knight burns!
The deep elf pyromancer mumbles some strange words.
The deep elf knight hits you with a +0 scimitar.
You feel better.
The deep elf pyromancer looks even sicker.
The deep elf knight looks even sicker.
Your toxic aura wanes.
A deep elf knight appears from thin air!
The deep elf knight burns!
The deep elf knight casts a spell at you.
The shard of ice hits you! You partially resist.
* * * LOW HITPOINT WARNING * * *
You block the deep elf knight's attack.
Unknown command.
The deep elf knight burns!
There is an open door here.
The deep elf knight burns!
The deep elf knight mumbles some strange words.
The deep elf knight flickers and vanishes for a moment.
The deep elf knight burns!
The deep elf knight gestures at you while chanting.
The shard of ice hits you! You partially resist.
* * * LOW HITPOINT WARNING * * *
The deep elf knight burns!
The deep elf knight points at you and mumbles some strange words.
The lance of force hits you.
* * * LOW HITPOINT WARNING * * *
You are knocked back by the lance of force.
You slam into the rock wall!
You die...

######## #####
#....... ##...##
#.##....
#.....#######.###...
#.....eEE○E°e..###).
+....e######○○..####
##.@.## ##....#
###'## ##....# ##.##
#....#### ##.##
#...###.. ##.##
#..###...
##.###..##....
##.....).....
##.###.##### ##.##.#


You could see 2 deep elf knights and 2 fire elementals.

Vanquished Creatures
  An orc warlord (Orc:1)
  A dire elephant (Lair:5)
  A minotaur (Gauntlet)
  The ghost of Deukiw the Imperceptible, a journeyman SpEn of Gozag (D:13)
  Azrael (D:14)
  Snorg (Lair:6)
  A great orb of eyes (D:15)
  6 boulder beetles
  13 hydras
  A rakshasa (D:15)
  2 centaur warriors
  An ogre mage (D:15)
  An anaconda (Lair:5)
  A death knight (D:12)
  A catoblepas (D:14)
  2 dancing weapons (D:14)
  An alligator (Lair:5)
  6 two-headed ogres
  A tengu warrior (D:14)
  5 orc high priests (Orc:2)
  7 skeletal warriors
  Pikel (D:8)
  A lindwurm (Lair:2)
  11 deep elf pyromancers
  10 orc knights
  5 deep elf zephyrmancers
  A wolf spider (Lair:2)
  21 ugly things
  A manticore (D:15)
  3 orc sorcerers
  2 cyclopes
  A torpor snail (Lair:5)
  6 black mambas
  9 elephants
  A smoke demon (Gauntlet)
  2 gargoyles
  10 cane toads
  A komodo dragon (shapeshifter) (D:15)
  Psyche (D:9)
  3 kobold demonologists
  2 rime drakes
  8 komodo dragons
  An unseen horror (shapeshifter) (D:14)
  2 tengu conjurers (D:14)
  A red devil (Gauntlet)
  5 trolls
  3 meliai (D:15)
  8 polar bears
  8 hornets
  A queen bee (Gauntlet)
  5 slime creatures
  18 blink frogs
  4 dream sheep (Lair:5)
  A dream sheep (shapeshifter) (Elf:1)
  A jumping spider (Lair:2)
  A meliai zombie (D:10)
  4 shadows
  2 vampires (D:14)
  12 spriggans (Lair:6)
  3 wyverns
  63 yaks
  2 wraiths
  A human (shapeshifter) (D:14)
  2 fire elementals (D:14)
  A steam dragon (D:8)
  A redback (Lair:2)
  3 basilisks
  4 vampire mosquitoes (D:14)
  Menkaure (D:7)
  A warg (Orc:2)
  2 acid dragons
  3 hell hounds
  14 water moccasins
  32 orc warriors
  4 black bears
  12 ogres
  5 boggarts (Lair:6)
  37 wolves
  6 centaurs
  3 lemures (D:8)
  12 kobold brigands
  16 bullfrogs
  5 scorpions
  A gnoll sergeant (D:9)
  A water moccasin skeleton (D:6)
  14 killer bees
  A howler monkey (D:11)
  2 electric eels
  2 centaur zombies
  3 crimson imps (Gauntlet)
  2 hounds
  A jelly (D:5)
  31 orc priests
  A bullfrog skeleton (D:7)
  A centaur skeleton (D:6)
  3 iguanas (D:5)
  16 orc wizards
  18 hell rats
  A howler monkey zombie (D:10)
  11 gnolls
  7 adders
  8 river rats (D:5)
  3 shadow imps
  2 white imps
  An ufetubus (D:5)
  An adder zombie (D:5)
  An adder skeleton (D:4)
  A worm (D:2)
  A dart slug (D:2)
  73 orcs
  8 endoplasms
  4 giant cockroaches
  8 goblins
  4 hobgoblins
  16 jackals
  6 quokkas (D:5)
  8 ball pythons
  6 bats
  2 frilled lizards
  22 kobolds
  23 rats
779 creatures vanquished.

Vanquished Creatures (others)
  An orc wizard (D:6)
  33 fungi
  72 plants
106 creatures vanquished.

Grand Total: 885 creatures vanquished

Notes
Turn   | Place    | Note
-------+----------+-------------------------------------------
     0 | D:1      | fragbeetle the Gargoyle Earth Elementalist began the quest
                  | for the Orb.
     0 | D:1      | Reached XP level 1. HP: 10/10 MP: 3/3
   141 | D:1      | Reached skill level 1 in Transmutations
   165 | D:1      | Reached skill level 4 in Earth Magic
   174 | D:1      | Reached XP level 2. HP: 12/15 MP: 0/5
   894 | D:1      | Reached XP level 3. HP: 10/19 MP: 1/6
  1344 | D:1      | Reached skill level 5 in Earth Magic
  1415 | D:1      | Learned a level 3 spell: Stone Arrow
  1990 | D:2      | Reached XP level 4. HP: 24/24 MP: 7/7
  2302 | D:2      | Reached skill level 6 in Earth Magic
  2954 | D:3      | Reached skill level 1 in Conjurations
  3137 | D:3      | Found a faded altar of an unknown god.
  3212 | D:3      | Found Sugiviw's Jewellery Shoppe.
  3298 | D:3      | Reached XP level 5. HP: 28/28 MP: 5/8
  4130 | D:4      | Reached XP level 6. HP: 18/32 MP: 4/9
  4289 | D:4      | Reached skill level 7 in Earth Magic
  5011 | D:4      | Found Qiucsu's Weapon Emporium.
  5019 | D:4      | Bought 16 stones for 22 gold pieces
  5689 | D:5      | Entered Level 5 of the Dungeon
  5991 | D:5      | Reached XP level 7. HP: 14/36 MP: 7/10
  6230 | D:5      | Reached skill level 8 in Earth Magic
  6626 | D:5      | Learned a level 4 spell: Sticky Flame
  6909 | D:5      | Reached skill level 5 in Conjurations
  7068 | D:6      | Reached skill level 1 in Fire Magic
  7105 | D:6      | Found a glowing golden altar of the Shining One.
  7105 | D:6      | Found a sparkling altar of Nemelex Xobeh.
  7191 | D:7      | Reached XP level 8. HP: 34/41 MP: 7/11
  7608 | D:6      | Found a runed translucent door.
  7613 | D:6      | Noticed SnakkuSnakku7's ghost (novice VSDe)
  7648 | D:6      | Found a runed translucent door.
  7791 | D:6      | Reached skill level 5 in Fire Magic
  7841 | D:6      | Found a glowing silver altar of Zin.
  7869 | D:6      | Found a staircase to the Ecumenical Temple.
  7877 | Temple   | Entered the Ecumenical Temple
  8024 | Temple   | Became a worshipper of Vehumet
  8100 | D:6      | Found Xiruuh's Jewellery Emporium.
  8923 | D:7      | Noticed Menkaure
  8926 | D:7      | Killed Menkaure
  8929 | D:7      | Noticed a kobold demonologist
  8936 | D:7      | Noticed a rust devil
  8942 | D:7      | Noticed an orange demon
  8942 | D:7      | Killed a kobold demonologist
  8943 | D:7      | Reached XP level 9. HP: 25/52 MP: 1/12
 10110 | D:8      | Reached skill level 5 in Fighting
 11110 | D:8      | Noticed Pikel
 11121 | D:8      | Killed Pikel
 11122 | D:8      | Reached XP level 10. HP: 52/63 MP: 9/13
 11706 | D:9      | Found Utipyh's Magic Scroll Shoppe.
 11780 | D:9      | Bought a scroll of amnesia for 52 gold pieces
 12084 | D:9      | Found Usejaus's Antique Armour Shoppe.
 12092 | D:9      | Bought a masterwork helmet for 228 gold pieces
 12092 | D:9      | Identified the +0 helmet of Gluttony {Rampage Will+ Int+5}
                  | (You bought it in a shop on level 9 of the Dungeon)
 12116 | D:9      | Found Jeniusa's Assorted Antiques.
 12227 | D:10     | Entered Level 10 of the Dungeon
 12506 | D:10     | Reached skill level 10 in Conjurations
 12579 | D:10     | Noticed a kobold demonologist
 12725 | D:10     | Found a flagged portal.
 12734 | Bailey   | Entered a bailey
 12999 | Bailey   | Noticed an orc knight
 13006 | Bailey   | Reached * piety under Vehumet
 13006 | Bailey   | Offered knowledge of Foxfire by Vehumet.
 13042 | Bailey   | Killed an orc knight
 13043 | Bailey   | Reached skill level 10 in Fighting
 13175 | Bailey   | Found a burning altar of Makhleb.
 13431 | D:10     | Noticed a two-headed ogre
 13443 | D:10     | Killed a two-headed ogre
 13444 | D:10     | Reached skill level 5 in Shields
 13444 | D:10     | Reached XP level 11. HP: 49/72 MP: 8/14
 14031 | D:9      | Found Tekk's Distillery.
 14047 | D:9      | Bought a potion of degeneration for 10 gold pieces
 14222 | D:9      | Found a staircase to the Lair.
 14226 | D:9      | Noticed Psyche
 14390 | D:9      | Found a staircase to the Orcish Mines.
 14775 | D:10     | Found a blossoming altar of Fedhas.
 14775 | D:10     | Found a hide-covered altar of Uskayaw.
 14775 | D:10     | Found a hazy altar of Hepliaklqana.
 14775 | D:10     | Found a broken altar of Ashenzari.
 14781 | D:10     | Found a bloodstained altar of Trog.
 14789 | D:10     | Found an opulent altar of Gozag.
 15047 | D:11     | Noticed a two-headed ogre
 15055 | D:11     | Killed a two-headed ogre
 15149 | D:11     | Noticed a red ugly thing
 15166 | D:11     | Killed a red ugly thing
 15312 | D:11     | Noticed a two-headed ogre
 15326 | D:11     | Killed a two-headed ogre
 15326 | D:11     | Offered knowledge of Scorch by Vehumet.
 15331 | D:11     | Learned a level 2 spell: Scorch
 15419 | D:11     | Noticed a two-headed ogre
 15450 | D:11     | Killed a two-headed ogre
 15451 | D:11     | Reached skill level 10 in Shields
 15514 | D:11     | Reached ** piety under Vehumet
 15587 | D:11     | Noticed a skeletal warrior
 15589 | D:11     | Noticed a skeletal warrior
 15613 | D:11     | Killed a skeletal warrior
 15620 | D:11     | Noticed a skeletal warrior
 15621 | D:11     | Found a runed translucent gate.
 15640 | D:12     | Noticed a two-headed ogre
 15645 | D:12     | Killed a two-headed ogre
 15646 | D:12     | Reached skill level 9 in Earth Magic
 15976 | D:11     | Noticed a boulder beetle
 16016 | D:11     | Noticed a skeletal warrior
 16026 | D:11     | Killed a skeletal warrior
 16186 | D:11     | Found a runed translucent gate.
 16186 | D:11     | Found a runed translucent gate.
 16186 | D:11     | Noticed a skeletal warrior
 16242 | D:10     | Killed a skeletal warrior
 16243 | D:10     | Reached XP level 12. HP: 66/77 MP: 5/18
 16404 | Lair:1   | Entered Level 1 of the Lair of Beasts
 16421 | Lair:1   | Reached skill level 10 in Earth Magic
 16435 | Lair:1   | Learned a level 2 spell: Blink
 16461 | Lair:1   | Noticed a four-headed hydra
 16471 | Lair:1   | Killed a four-headed hydra
 16472 | Lair:1   | Reached skill level 5 in Spellcasting
 16812 | Lair:1   | Identified the +4 robe of the Learner {Str+7}
 17122 | D:6      | Bought an amulet of magic regeneration for 420 gold pieces
 17329 | Lair:2   | Noticed an eight-headed hydra
 17336 | Lair:2   | Killed an eight-headed hydra
 17377 | Lair:2   | Noticed a five-headed hydra
 17377 | Lair:2   | Noticed a five-headed hydra
 17460 | Lair:2   | Noticed an eight-headed hydra
 17483 | Lair:2   | Killed an eight-headed hydra
 17785 | Lair:2   | Offered knowledge of Ignite Poison by Vehumet.
 17838 | Lair:2   | Noticed a six-headed hydra
 17857 | Lair:2   | Killed a six-headed hydra
 18051 | Lair:2   | Found a blossoming altar of Fedhas.
 18080 | Lair:2   | Reached skill level 5 in Evocations
 18165 | Lair:2   | Found a staircase to the Swamp.
 18223 | Lair:2   | Found a hole to the Spider Nest.
 18242 | Lair:2   | Reached *** piety under Vehumet
 18789 | Lair:3   | Noticed a boulder beetle
 19106 | Lair:3   | Killed a boulder beetle
 19107 | Lair:3   | Reached XP level 13. HP: 64/82 MP: 14/23
 19388 | Lair:3   | Offered knowledge of Olgreb's Toxic Radiance by Vehumet.
 19573 | Lair:3   | Learned a level 4 spell: Olgreb's Toxic Radiance
 19658 | Lair:3   | Reached skill level 1 in Poison Magic
 20748 | Lair:4   | Reached **** piety under Vehumet
 20775 | Lair:4   | Identified the +3 scale mail of the Fife {rPois rN+ Dex+3}
 21896 | Lair:5   | Reached skill level 5 in Poison Magic
 21907 | Lair:5   | Reached skill level 10 in Evocations
 21907 | Lair:5   | Reached skill level 1 in Armour
 21907 | Lair:5   | Offered knowledge of Frozen Ramparts by Vehumet.
 23058 | Lair:5   | Reached skill level 5 in Armour
 23255 | Lair:5   | Gained mutation: Your large and strong wings let you fly.
                  | [Gargoyle growth]
 23255 | Lair:5   | Reached XP level 14. HP: 88/88 MP: 20/24
 23331 | Lair:5   | Noticed a dire elephant
 23336 | Lair:5   | Killed a dire elephant
 23558 | Lair:5   | Reached ***** piety under Vehumet
 23558 | Lair:5   | Offered knowledge of Yara's Violent Unravelling by Vehumet.
 23989 | Lair:6   | Entered Level 6 of the Lair of Beasts
 23993 | Lair:6   | Got Ereshkigal's Compendium of Necromancy
 24004 | Lair:6   | Learned a level 5 spell: Borgnjor's Vile Clutch
 24075 | Lair:6   | Found a burning altar of Makhleb.
 24130 | Lair:6   | Noticed Snorg
 24140 | Lair:6   | Killed Snorg
 24273 | Lair:6   | Found a gate leading to a gauntlet.
 24297 | Gauntlet | Entered a Gauntlet
 24297 | Gauntlet | Found a transporter.
 24297 | Gauntlet | Found a transporter.
 24297 | Gauntlet | Found a transporter.
 24297 | Gauntlet | Found a transporter.
 24302 | Gauntlet | Found a transporter.
 24303 | Gauntlet | Found a large runed translucent door.
 24304 | Gauntlet | Found a large runed translucent door.
 24305 | Gauntlet | Found a large runed translucent door.
 24305 | Gauntlet | Found a large runed translucent door.
 24305 | Gauntlet | Found a runed translucent door.
 24306 | Gauntlet | Found a large runed translucent door.
 24306 | Gauntlet | Found a runed translucent door.
 24402 | Gauntlet | Found a large runed translucent door.
 24403 | Gauntlet | Found a large runed translucent door.
 24403 | Gauntlet | Found a large runed translucent door.
 24404 | Gauntlet | Found a runed translucent gate.
 24404 | Gauntlet | Found a runed translucent gate.
 24404 | Gauntlet | Found a runed translucent gate.
 24406 | Gauntlet | Found a transporter.
 24417 | Gauntlet | Found a large runed translucent door.
 24418 | Gauntlet | Found a large runed translucent door.
 24419 | Gauntlet | Found a large runed translucent door.
 24426 | Gauntlet | Found a large runed translucent door.
 24428 | Gauntlet | Found a large runed translucent door.
 24428 | Gauntlet | Found a large runed translucent door.
 24429 | Gauntlet | Found a large runed translucent door.
 24430 | Gauntlet | Found a large runed translucent door.
 24473 | Gauntlet | Found a transporter.
 24483 | Gauntlet | Found a transporter.
 24498 | Gauntlet | Found a transporter.
 24513 | Gauntlet | Found a transporter.
 24523 | Gauntlet | Found a transporter.
 24529 | Gauntlet | Found a transporter.
 25017 | Gauntlet | Identified the ring of Charity {rPois rC+ rN+ Will+}
 25065 | Gauntlet | Reached skill level 10 in Armour
 25065 | Gauntlet | Reached skill level 11 in Earth Magic
 25222 | Lair:6   | Reached skill level 1 in Necromancy
 25510 | Lair:6   | Identified the +6 chain mail "Ipykk" {Str+4}
 25601 | Lair:6   | Reached skill level 12 in Earth Magic
 25902 | Lair:6   | Offered knowledge of Airstrike by Vehumet.
 26698 | Orc:1    | Entered Level 1 of the Orcish Mines
 26706 | Orc:1    | Reached XP level 15. HP: 92/92 MP: 19/25
 26707 | Orc:1    | Reached skill level 13 in Earth Magic
 27046 | Orc:1    | Noticed an orc warlord
 27120 | Orc:1    | Killed an orc warlord
 27518 | Orc:2    | Entered Level 2 of the Orcish Mines
 27709 | Orc:2    | Reached skill level 14 in Earth Magic
 27991 | Orc:2    | Found a staircase to the Elven Halls.
 28380 | Orc:2    | Offered knowledge of Eringya's Noxious Bog by Vehumet.
 28651 | Orc:2    | Reached skill level 15 in Earth Magic
 28674 | Orc:2    | Reached ****** piety under Vehumet
 28853 | Orc:2    | Found Hizoc's Antique Armour Boutique.
 28853 | Orc:2    | Found Pauthr Ru Mas's Armour Boutique.
 28854 | Orc:2    | Found Xuczaiku's Armour Shop.
 28854 | Orc:2    | Found Hekhull's Assorted Antiques.
 28865 | Orc:2    | Bought a scroll of identify for 54 gold pieces
 28883 | Orc:2    | Bought a bloodstained troll leather armour for 660 gold
                  | pieces
 28883 | Orc:2    | Identified the +1 troll leather armour "Sybosh" {rF+++
                  | Will+ Regen+ rCorr Str-2} (You bought it in a shop on level
                  | 2 of the Orcish Mines)
 28901 | Orc:2    | Learned a level 6 spell: Eringya's Noxious Bog
 29150 | D:9      | Killed Psyche
 29310 | D:11     | Found Wuegakk's Overcharged Wands.
 29763 | D:11     | Noticed Isay's ghost (journeyman MiAK)
 30715 | D:13     | Found a runed translucent door.
 30716 | D:13     | Noticed Deukiw's ghost (journeyman SpEn)
 30791 | D:13     | Killed Deukiw's ghost
 31303 | D:14     | Noticed Azrael
 31453 | D:14     | Killed Azrael
 31454 | D:14     | Reached skill level 10 in Poison Magic
 31642 | D:9      | Bought a scroll of acquirement for 780 gold pieces
 31642 | D:9      | Acquired the +1 pair of boots "Geradd" {rF+++ rN+ Int+4
                  | Dex-2}
 31782 | D:14     | Acquired a staff of earth
 31856 | D:14     | Reached XP level 16. HP: 71/97 MP: 22/27
 31998 | D:14     | Noticed Jorgrun
 32228 | D:14     | Found a gate to the Vaults.
 32402 | D:14     | Found a faded altar of an unknown god.
 32427 | D:14     | Found a faded altar of an unknown god.
 32427 | D:14     | Found a hazy altar of Hepliaklqana.
 32501 | D:15     | Entered Level 15 of the Dungeon
 33282 | D:15     | Found a staircase to the Depths.
 33558 | D:15     | Reached skill level 5 in Transmutations
 33567 | D:15     | Offered knowledge of Starburst by Vehumet.
 34085 | Elf:1    | Entered Level 1 of the Elven Halls
 34277 | Elf:1    | Collided with a rock wall

Illustrated notes

Levels and vault maps discovered:
D:1:      dpeg_arrival_long_road, layout_loops_ring, st_stairs_6,
          kennysheep_nondescript, grunt_decor_clamped
D:2:      layout_loops_cross, kennysheep_generic_room_15
D:3:      layout_loops_ring, serial_shops, shop,
          shapermc_ecumenical_altar_petra, minmay_misc_feat_hallway
D:4:      layout_basic, serial_shops, nicolae_shop_bloodbath_and_beyond,
          serial_aquarium, aquarium_bridge_square [aquarium_subvault_balcony,
          aquarium_subvault_balcony, aquarium_subvault_bridge,
          aquarium_subvault_wall], aquarium_window_3, aquarium_window_fake,
          aquarium_view_2a, aquarium_view_4, aquarium_pool_four
D:5:      lemuel_ratsnest, layout_basic
D:6:      layout_cave_pods, zin_academy, grunt_temple_overflow_open,
          minmay_temple_entry_proselytizer, ebering_ghost_sewer_f, serial_shops,
          kennysheep_mini_moat, serial_bayou_pond_a,
          minmay_a_box_with_orc_wizards_in_it
D:7:      layout_layer_cave, minmay_misc_feat_iff, supply_closet_lemuel,
          uniq_menkaure
D:8:      layout_basic, uniq_pikel
D:9:      layout_basic, david_lair_shrubbed, orc_0_dummy, serial_shops,
          nicolae_stop_n_shop_2, nicolae_shop_waterfront, shop_fountains,
          nicolae_shop_hallway_plus, minivault_14, uniq_psyche
D:10:     layout_long_grid, minmay_overflow_temple_hex, enter_bailey_6,
          chequers_serial_rivers_micro_b, hangedman_corner_corridor
D:11:     layout_gridville, gammafunk_ghost_necromancy,
          nicolae_shop_overcharged_wands
D:12:     layout_roguey
D:13:     layout_loops_corners, ebering_ghost_reflecting_pool
D:14:     layout_loops_cross, erik_vaults_1,
          nicolae_hepliaklqana_ecumenical_no_more, uniq_jorgrun, uniq_azrael
D:15:     gammafunk_enter_depths_forms, layout_basic
Temple:   dshaligram_water_room_temple
Lair:1:   layout_hall_layers, eino_small_chamber_without_monster,
          lemuel_fruit_tree, infiniplex_staircase_pool
Lair:2:   nzn_winding_woodlands_cross
          [nzn_winding_woodlands_5x15_river_crossing,
          nzn_winding_woodlands_5x15_parted,
          nzn_winding_woodlands_5x15_lazy_stream,
          nzn_winding_woodlands_5x15_pool, nzn_winding_woodlands_15x15_killbox],
          layout_regular_city, minmay_swamp_entry_worms,
          spider_nest_entry_funnel_web, tgw_fedhas
Lair:3:   layout_regular_city
Lair:4:   wad_woods_structure_01, layout_misc_corridors,
          chequers_serial_rivers_room_a, patterned_corridor,
          serial_bayou_shore_a
Lair:5:   layout_gridlike, minmay_slime_entry_oklob_enclosed,
          nicolae_lair_lakeside_cave
Lair:6:   minmay_lair_end_enchanted_forest, layout_gridlike,
          gauntlet_entry_generic, basic_altar, minivault_26, st_stairs_6,
          serial_bayou_shore_b, uniq_snorg
Orc:1:    layout_caves
Orc:2:    st_orc_pillars, layout_diamond_mine, elves_outpost_lemuel
Elf:1:    kennysheep_ambush_hall, layout_geoelf_grid, basic_altar,
          minmay_elf_demonology, nicolae_twisting_strands, nrook_uturn,
          minivault_19

Skill      XL: |  1  2  3  4  5  6  7  8  9 10 11 12 13 14 15 16 |
---------------+-------------------------------------------------+-----
Transmutations | 1 2 5 |  5.0
Earth Magic    | 4 5 6 7 8 9 10 12 15 | 15.0
Conjurations   | 1 2 4 5 6 9 10 | 10.0
Fire Magic     | 2 6 |  6.0
Fighting       | 3 7 10 | 10.0
Shields        | 5 10 | 10.0
Spellcasting   | 4 7 9 |  9.8
Evocations     | 7 10 | 10.0
Poison Magic   | 5 10 | 10.0
Armour         | 6 10 | 10.0
Necromancy     | 4 |  4.0
Dodging        | |  1.5
Stealth        | |  2.1

Action                   |  1- 3 |  4- 6 |  7- 9 | 10-12 | 13-15 | 16-18 || total
-------------------------+-------+-------+-------+-------+-------+-------++-------
Melee: Unarmed           |    65 |       |       |       |       |       ||    65
       Dagger            |    59 |       |       |       |       |       ||    59
       Spear             |    54 |     6 |       |       |       |       ||    60
       Trident           |       |   104 |       |       |       |       ||   104
       Mace              |       |    86 |   165 |   290 |    88 |       ||   629
       Punch             |       |     1 |     2 |       |       |       ||     3
       Staff             |       |       |       |       |   150 |    57 ||   207
Throw: Stone             |       |       |     4 |       |       |       ||     4
       Dart              |       |       |       |     2 |     1 |       ||     3
       Boomerang         |       |       |       |       |     1 |       ||     1
 Cast: Sandblast         |    31 |    39 |    72 |    97 |   193 |     2 ||   434
       Stone Arrow       |       |     1 |    14 |    51 |   308 |   120 ||   494
       Sticky Flame      |       |       |     7 |    52 |   123 |    17 ||   199
       Scorch            |       |       |       |     8 |     2 |       ||    10
       Blink             |       |       |       |     1 |     1 |       ||     2
       Olgreb's Toxic Ra |       |       |       |       |   124 |    23 ||   147
       Borgnjor's Vile C |       |       |       |       |     1 |     2 ||     3
Evoke: Wand              |       |       |     5 |    13 |     9 |     2 ||    29
       Condenser vane    |       |       |       |     1 |     1 |       ||     2
       Phantom mirror    |       |       |       |       |     1 |       ||     1
  Use: Scroll            |       |     3 |     1 |     4 |    12 |     4 ||    24
       Potion            |       |       |     1 |       |     2 |     3 ||     6
 Stab: Sleeping          |     3 |     5 |     1 |       |     1 |       ||    10
       Petrified         |       |       |       |       |     4 |       ||     4
       Paralysed         |       |       |       |       |       |     6 ||     6
Armor: Robe              |    43 |       |       |    81 |   244 |       ||   368
       Leather armour    |    23 |   128 |   115 |   151 |       |       ||   417
       Troll leather arm |       |       |       |       |    39 |    46 ||    85
Dodge: Dodged            |   127 |   178 |   164 |   254 |   240 |    29 ||   992
Block: Buckler           |       |       |     2 |   173 |   237 |    32 ||   444
